 Dungeon Crawl Stone Soup version 0.26.1-11-gd32895ea62 (webtiles) character file.

Game seed: 5060470390807635968

132 Exodus22XD the Chopper (level 5, -19/47 HPs)
             Began as a Hill Orc Monk on Apr 27, 2021.
             Blown up by Ijyb (32 damage)
             ... with a disintegration bolt
             ... on level 3 of the Dungeon.
             The game lasted 00:03:08 (3864 turns).

Exodus22XD the Chopper (Hill Orc Monk)              Turns: 3864, Time: 00:03:09

Health: -19/47     AC:  9    Str: 15    XL:     5   Next: 15%
Magic:  5/5        EV: 11    Int: 10    God:
Gold:   173        SH:  0    Dex: 13    Spells: 4/4 levels left

rFire    . . .     SeeInvis .   a - +0 hand axe
rCold    . . .     Faith    .   (no shield)
rNeg     . . .     Spirit   .   h - +0 ring mail
rPois    .         Reflect  .   (no helmet)
rElec    .         Harm     .   q - +2 cloak
rCorr    .         Rampage  .   (no gloves)
Will     .....     Rnd*Tele +   j - +0 pair of boots
Stlth    +.........             (no amulet)
HPRegen  0.15/turn              p - ring of teleportation (curse)
MPRegen  0.09/turn              (no ring)

@: no status effects
A: no striking features
a: no special abilities


You were on level 3 of the Dungeon.
You visited 1 branch of the dungeon, and saw 3 of its levels.

You collected 173 gold pieces.

Inventory:

Hand Weapons
 a - a +0 hand axe (weapon)
 l - a +0 whip of electrocution
Armour
 g - a +0 chain mail
 h - a +0 ring mail (worn)
 j - a +0 pair of boots (worn)
 q - a +2 cloak (worn)
 r - a +0 kite shield
Jewellery
 p - a cursed ring of teleportation (left hand)
Scrolls
 b - 2 scrolls of magic mapping {unknown}
 c - 2 scrolls of teleportation {unknown}
 d - a scroll of remove curse
 f - a scroll of amnesia {unknown}
 k - a scroll of enchant armour {unknown}
 n - a scroll of noise {unknown}
 o - a scroll of enchant weapon {unknown}
 s - a scroll of immolation {unknown}
Potions
 e - 2 potions of curing
 i - a potion of heal wounds
 m - a potion of cancellation {unknown}


   Skills:
 + Level 4.5 Fighting
 + Level 5.7 Axes
 * Level 2.6 Armour
 - Level 2.4 Dodging
 - Level 1.5 Stealth
 * Level 0.5 Shields


You had 4 spell levels left.
You didn't know any spells.
Your spell library was empty.

Dungeon Overview and Level Annotations

Branches:
Dungeon (3/15)

Altars:

Annotations:
D:3 Ijyb


Message History

Ijyb hits you but does no damage.
You closely miss Ijyb.
Ijyb is moderately wounded.
Ijyb hits you but does no damage.
You hit Ijyb but do no damage.
Ijyb is moderately wounded.
Ijyb hits you but does no damage.
You barely miss Ijyb.
Ijyb is moderately wounded.
Ijyb zaps a wand.
You are blasted!
* * * LOW HITPOINT WARNING * * *
You hit Ijyb but do no damage.
Ijyb is moderately wounded.
Ijyb hits you but does no damage.
You closely miss Ijyb.
Ijyb is moderately wounded.
Ijyb screams, "Me very upset!"
Ijyb zaps a wand.
You are blasted!
Ouch! That really hurt!
You die...

≈≈≈≈≈≈≈≈≈≈≈≈≈≈#.##.####
#.........≈≈≈......#
#..........≈≈......#
#...#####..≈≈..##..##
#####...#..≈≈.<.(....
#..'...'..≈≈≈####.##
#..#...#..≈≈≈####.#.
#..#########≈≈......
#..@.......#≈≈.#####
#.).g.†....'...#
#....)†....'...#
#....†.....'...#
#..........#≈≈##
#..#########≈≈# ....#
≈≈## ....+ ≈≈≈# .. ≈≈##


You could see Ijyb.

Vanquished Creatures
  6 adders
  A worm (D:2)
  2 dart slugs (D:1)
  A leopard gecko (D:3)
  2 orcs (D:3)
  A ball python (D:3)
  5 bats
  3 giant cockroaches
  12 goblins
  5 hobgoblins
  6 jackals
  13 kobolds
  A quokka (D:3)
  4 frilled lizards
  3 rats
65 creatures vanquished.

Notes
Turn   | Place    | Note
-------+----------+-------------------------------------------
     0 | D:1      | Exodus22XD the Hill Orc Monk began the quest for the Orb.
     0 | D:1      | Reached XP level 1. HP: 19/19 MP: 1/1
   422 | D:1      | Reached XP level 2. HP: 16/27 MP: 2/2
   874 | D:1      | Reached skill level 1 in Armour
  1180 | D:1      | Reached XP level 3. HP: 13/33 MP: 3/3
  2111 | D:2      | Reached skill level 5 in Axes
  2262 | D:2      | Reached XP level 4. HP: 35/41 MP: 4/4
  3696 | D:3      | Reached XP level 5. HP: 43/47 MP: 5/5
  3846 | D:3      | Noticed Ijyb
  3864 | D:3      | Blown up by Ijyb

Illustrated notes

Levels and vault maps discovered:
D:1:      dpeg_arrival_castle, layout_basic
D:2:      layout_basic, patterned_corridor
D:3:      kennysheep_goblin_castle, layout_basic

Skill      XL: |  1  2  3  4 |
---------------+-------------+-----
Fighting       | 4 |  4.5
Armour         | 1 2 |  2.6
Axes           | 5 |  5.7
Dodging        | |  2.4
Stealth        | |  1.5
Shields        | |  0.5

Action                   |  1- 3 |  4- 6 || total
-------------------------+-------+-------++-------
Melee: Hand axe          |   127 |   124 ||   251
  Use: Scroll            |     3 |       ||     3
       Potion            |       |     1 ||     1
 Stab: Sleeping          |     3 |       ||     3
Armor: Robe              |     9 |       ||     9
       Ring mail         |    36 |    46 ||    82
Dodge: Dodged            |    74 |    71 ||   145
